 Dungeon Crawl Stone Soup version 0.17.1-3-g152610e (webtiles) character file.

45 Gargoyl the Skirmisher (level 3, 0/30 HPs)
             Began as a Demonspawn Abyssal Knight on Mar 20, 2016.
             Was a Follower of Lugonu.
             Succumbed to an adder's poison
             ... on level 2 of the Dungeon.
             The game lasted 00:02:35 (1139 turns).

Gargoyl the Skirmisher (Demonspawn Abyssal Knight)  Turns: 1139, Time: 00:02:35

Health: 0/30       AC:  4    Str: 13    XL:     3   Next: 42%
Magic:  5/5        EV: 11    Int: 13    God:    Lugonu [*.....]
Gold:   53         SH:  0    Dex: 12    Spells: 0 memorised, 2 levels left

rFire  + . .     SeeInvis .     a - +1 hand axe
rCold  + . .     Clarity  .     b - +0 leather armour
rNeg   . . .     SustAt   .     (no shield)
rPois  .         Gourm    .     (no helmet)
rElec  .         Spirit   .     l - +0 cloak
rCorr  .         Warding  .     (no gloves)
rMut   .         Stasis   .     (no boots)
MR     +....                    (no amulet)
Stlth  +.........               m - ring of protection from cold
                                d - ring of protection from magic

@: lethally poisoned (0 -> -12), somewhat resistant to hostile enchantments,
very unstealthy
A: fire resistance 1
a: Depart the Abyss, Renounce Religion


You were on level 2 of the Dungeon.
You worshipped Lugonu.
Lugonu was aware of your devotion.
You were not hungry.

You visited 1 branch of the dungeon, and saw 2 of its levels.
You visited the Abyss 1 time.

You collected 53 gold pieces.

Inventory:

Hand Weapons
 a - a +1 hand axe (weapon)
Armour
 b - a +0 leather armour (worn)
 l - a +0 cloak (worn)
Jewellery
 d - a ring of protection from magic (left hand)
 m - a ring of protection from cold (right hand)
Scrolls
 f - 3 scrolls of identify {unknown}
 g - a scroll of random uselessness {unknown}
 h - a scroll of enchant weapon {unknown}
 j - a scroll of noise {unknown}
Potions
 e - 3 potions of haste
 n - a potion of agility {unknown}
 o - a potion of poison {unknown}
 q - a potion of brilliance {unknown}
Comestibles
 c - 2 bread rations
 i - a slice of pizza


   Skills:
 + Level 3.7 Fighting
 + Level 2.1 Axes
 * Level 2.1 Armour
 + Level 1.0 Dodging
 + Level 3.1 Invocations


You had 2 spell levels left.
You didn't know any spells.

Dungeon Overview and Level Annotations

Branches:
Dungeon (2/15)

Altars:
Nemelex Xobeh


Innate Abilities, Weirdness & Mutations

Your flesh is heat resistant.


Message History

The adder is moderately wounded.
* * * LOW HITPOINT WARNING * * *
You feel sick. The adder bites you.
* * * LOW HITPOINT WARNING * * *
The adder misses you. The goblin hits you.
* * * LOW HITPOINT WARNING * * *
The adder barely misses you.
Drink which item? (? for menu, Esc to quit)
It was a potion of haste.
You feel yourself speed up.
* * * LOW HITPOINT WARNING * * *
You feel sick. The adder barely misses you.
The adder bites you but does no damage. The goblin hits you but does no damage.
You are very lightly contaminated with residual magic.
Drink which item? (? for menu, Esc to quit)
It was a potion of cancellation.
Your magical effects are unravelling.
Your magical contamination has completely faded away.
You feel magically purged.
You feel yourself slow down.
You die...

# # # .. #.#### # # ###. #.... #
### .. #... #.#### # #.. #. ...
## #.# # # #.# .. [.# .. #.# # #
#.# #.##.##.# #.# # # #.#
#..gSS?.# #.# # # #.# .######@##
#.# # # #.# .........# #.# #
###)####...#####..##########.####
((.........). #.................
###.####...##.##..#########......
#.# ........# #.#.#.# ##.#
###.##.†# #...... ##..###
##.##..# ###.#.#.# ......#
#......### #........


You could see 2 adders and a goblin.

Vanquished Creatures
  An adder (D:2)
  An ooze (D:1)
  A worm (D:2)
  2 bats (D:1)
  5 giant cockroaches
  7 goblins
  3 hobgoblins (D:1)
  4 kobolds
  2 giant newts
  4 rats
30 creatures vanquished.

Notes
Turn   | Place    | Note
--------------------------------------------------------------
     0 | Abyss:1  | Gargoyl the Demonspawn Abyssal Knight began the quest for the Orb.
     0 | Abyss:1  | Reached XP level 1. HP: 18/18 MP: 2/2
    33 | Abyss:1  | Found a corrupted altar of Lugonu.
    46 | Abyss:1  | Noticed a fire giant zombie
    61 | D:1      | Escaped the Abyss
   208 | D:1      | Gained mutation: Your flesh is heat resistant. [demonic ancestry]
   208 | D:1      | Reached XP level 2. HP: 24/24 MP: 3/3
   224 | D:1      | Reached * piety under Lugonu
   467 | D:1      | Found a sparkling altar of Nemelex Xobeh.
   544 | D:1      | Reached XP level 3. HP: 30/30 MP: 5/5
  1124 | D:2      | Reached skill level 1 in Dodging
  1138 | D:2      | HP: 1/30 [poisoned by an adder]
  1139 | D:2      | Succumbed to an adder's poison

Action                   || total
-------------------------++-------
Melee: Hand axe          ||    94
Invok: Depart the Abyss  ||     1
  Use: Potion            ||     2
  Eat: Chunk             ||     1
